 Dungeon Crawl Stone Soup version 0.30-a0-639-g3916f1956a (webtiles) character file.

Game seed: 12444547335352680217

1267 KennySheep the Shooter (level 8, -3/61 HPs)
             Began as a Formicid Fighter on Jan 16, 2023.
             Was an Initiate of Yredelemnul.
             Killed from afar by a white imp (5 damage)
             ... with a puff of frost
             ... on level 6 of the Dungeon.
             The game lasted 00:11:18 (4241 turns).

KennySheep the Shooter (Formicid Fighter)           Turns: 4241, Time: 00:11:19

Health: -3/61      AC:  7    Str: 22    XL:     8   Next: 82%
Magic:  0/8        EV:  9    Int:  7    God:    Yredelemnul [......]
Gold:   244        SH:  7    Dex: 17    Spells: 7/7 levels left

rFire   . . .      SeeInvis +    a - +0 war axe
rCold   . . .      Faith    .    c - +1 buckler
rNeg    . . .      Spirit   +    u - +0 scale mail
rPois   .          Reflect  .    (helmet unavailable)
rElec   .          Harm     .    (no cloak)
rCorr   .          Rampage  .    (no gloves)
Will    .....                    (no boots) Stlth
                                 t - amulet of guardian spirit
HPRegen 0.30/turn                (no ring)
MPRegen 0.11/turn                (no ring)

@: mighty, unable to drink
A: permanent stasis, dig shafts and tunnels, antennae 3, four strong arms, agile
1, high MP 1, inability to drink after injury 1
a: Dig, Shaft Self, Renounce Religion, Recall Undead Harvest


You were on level 6 of the Dungeon.
You worshipped Yredelemnul.
Yredelemnul was noncommittal.
You visited 1 branch of the dungeon, and saw 6 of its levels.

You collected 244 gold pieces.

Inventory:

Hand Weapons
 a - a +0 war axe (weapon)
 b - a +0 arbalest
Armour
 c - a +1 buckler (worn)
 u - a +0 scale mail (worn)
Jewellery
 l - a ring of ice
 t - an amulet of guardian spirit (around neck)
 A - an amulet of the acrobat
 D - an amulet of reflection
Wands
 h - a wand of flame (90)
 w - a wand of iceblast (20)
 x - a wand of polymorph (6)
Scrolls
 d - a scroll of immolation
 e - a scroll of noise
 j - a scroll of poison
 k - a scroll of magic mapping
 p - a scroll of blinking
 r - 2 scrolls of amnesia {unknown}
 s - 2 scrolls of enchant armour
 v - a scroll of enchant weapon {unknown}
 y - a scroll of vulnerability {unknown}
 B - a scroll of butterflies {unknown}
Potions
 f - a potion of attraction {unknown}
 g - a potion of magic {unknown}
 i - a potion of brilliance
 m - a potion of resistance {unknown}
 o - 2 potions of mutation
 q - 2 potions of heal wounds {unknown}
 z - a potion of degeneration {unknown}


   Skills:
 - Level 4.4 Fighting
 - Level 4.1 Axes
 * Level 7.8 Ranged Weapons
 - Level 4.4 Armour
 - Level 5.3 Shields
 - Level 0.5 Unarmed Combat


You had 7 spell levels left.
You didn't know any spells.
Your spell library contained the following spells:

 Spells                   Type           Power      Damage    Failure   Level
 Summon Small Mammal      Summ           0%         N/A       82%         1
 Call Canine Familiar     Summ           0%         N/A       99%         3
 Summon Guardian Golem    Hex/Summ       0%         N/A       99%         3


Dungeon Overview and Level Annotations

Branches:
Dungeon (6/15)
 Temple: D:4-7

Altars:
Kikubaaqudgha
Qazlal
Yredelemnul

Annotations:
D:4 2 transporters, pigah's ghost, amateur OpWn


Innate Abilities, Weirdness & Mutations

You cannot be hasted, slowed, berserked, paralysed or teleported.
You can dig through walls and to a lower floor.
You have a pair of large antennae on your head. (SInv)
Your four strong arms can wield two-handed weapons with a shield.
You are agile. (Dex +4, Str/Int -1)
You have an increased reservoir of magic. (+10% MP)
You occasionally lose the ability to drink potions when taking damage.


Message History

You barely miss Maggie.
Maggie is moderately wounded.
An ice beast comes into view.
Maggie hits you with a +1 glaive of flaming!
Maggie burns you. The white imp gestures at you. You block the puff of frost.
You block Maggie's attack.
You slash Maggie!
Maggie is heavily wounded.
You closely miss the white imp. You block Maggie's attack.
The white imp gestures at you. The puff of frost hits you.
* * * LOW HITPOINT WARNING * * *
You slice Maggie!!
Maggie is almost dead.
You hit the white imp but do no damage.
Maggie hits you with a +1 glaive of flaming!
* * * LOW HITPOINT WARNING * * *
Maggie burns you.
* * * LOW HITPOINT WARNING * * *
The white imp hits you but does no damage.
You slash Maggie!
You kill Maggie!
You closely miss the white imp.
The dead are walking!
The white imp closely misses you. The white imp gestures at you.
The puff of frost hits you!
You feel threatened and lose the ability to drink potions!
* * * LOW HITPOINT WARNING * * *
Your Ranged Weapons skill increases to level 7!
The white imp gestures at you. The puff of frost hits you.
* * * LOW HITPOINT WARNING * * *
There is a stone staircase leading up here.
As you read the scroll labelled NASTIQUOSO, it crumbles to dust.
The scroll dissolves into smoke.
It was a scroll of fog.
The white imp gestures at you. The puff of frost hits you.
You die...
Your body rises from the dead as a mindless zombie.

########...
#..........#
#...........
#...........
#..........#
#..........#
#.)§§§§.....
#.§Z5§§....<
#.$§@Y§.....
###########.


You could see an ice beast, a white imp (ally target) and the friendly Maggie
the human zombie.

Vanquished Creatures
  Maggie (D:6)
  Grinder (D:4)
  Sigmund (D:3)
  Menkaure (D:4)
  A black bear (D:4)
  A phantom (D:5)
  A jelly (D:5)
  A hound (D:5)
  An iguana (D:4)
  Natasha (thrice) (D:4)
  A hound zombie (D:5)
  Robin (D:3)
  4 gnolls (D:5)
  4 adders
  A white imp (D:5)
  2 adder zombies (D:5)
  3 worms
  3 dart slugs
  3 orcs
  8 bats
  8 endoplasms
  6 giant cockroaches
  A gnoll zombie (D:5)
  16 goblins
  8 hobgoblins
  7 jackals
  2 quokkas
  5 ball pythons
  3 frilled lizards (D:1)
  5 kobolds
  6 rats
109 creatures vanquished.

Notes
Turn   | Place    | Note
-------+----------+-------------------------------------------
     0 | D:1      | KennySheep the Formicid Fighter began the quest for the
                  | Orb.
     0 | D:1      | Reached XP level 1. HP: 18/18 MP: 1/1
     2 | D:1      | Noticed a spriggan
     2 | D:1      | Noticed an ogre
     4 | D:1      | Noticed a merfolk
     4 | D:1      | Noticed a felid
     6 | D:1      | Noticed a formicid
     6 | D:1      | Noticed a meteoran
     8 | D:1      | Noticed a minotaur
     8 | D:1      | Noticed an elf
    10 | D:1      | Noticed a ghoul
    10 | D:1      | Noticed a naga
    12 | D:1      | Noticed an octopode
    14 | D:1      | Noticed a vampire
    14 | D:1      | Noticed a draconian
    36 | D:1      | Noticed a demigod
    36 | D:1      | Noticed a gargoyle
    38 | D:1      | Noticed a vine stalker
    40 | D:1      | Noticed a tengu
    40 | D:1      | Noticed a demonspawn
    42 | D:1      | Noticed a troll
    42 | D:1      | Noticed an armataur
    44 | D:1      | Noticed an elf
    46 | D:1      | Noticed a spriggan
   170 | D:1      | Reached XP level 2. HP: 24/24 MP: 2/2
   531 | D:1      | Reached XP level 3. HP: 28/29 MP: 3/3
  1041 | D:2      | Found a stormy altar of Qazlal.
  1255 | D:2      | Reached XP level 4. HP: 37/37 MP: 4/4
  1775 | D:3      | Noticed Sigmund
  1791 | D:3      | Killed Sigmund
  1792 | D:3      | Reached skill level 5 in Shields
  1792 | D:3      | Reached XP level 5. HP: 28/43 MP: 5/5
  1792 | D:3      | Reached XP level 6. HP: 32/49 MP: 6/6
  1989 | D:3      | Noticed Robin
  2020 | D:3      | Killed Robin
  2293 | D:3      | Found an ancient bone altar of Kikubaaqudgha.
  2474 | D:4      | Noticed Menkaure
  2475 | D:4      | Noticed Natasha
  2478 | D:4      | Killed Menkaure
  2479 | D:4      | Reached skill level 2 in Ranged Weapons
  2479 | D:4      | Reached XP level 7. HP: 15/55 MP: 2/7
  2482 | D:4      | Killed Natasha
  2739 | D:4      | Reached skill level 3 in Ranged Weapons
  2780 | D:4      | Reached skill level 4 in Ranged Weapons
  2855 | D:4      | Noticed Grinder
  2859 | D:4      | Gained mutation: You are agile. (Dex +4, Str/Int -1)
                  | [potion of mutation]
  2859 | D:4      | Gained mutation: You have an increased reservoir of magic.
                  | (+10% MP) [potion of mutation]
  2859 | D:4      | Gained mutation: You occasionally lose the ability to drink
                  | potions when taking damage. [potion of mutation]
  2898 | D:4      | Killed Grinder
  2899 | D:4      | Reached skill level 5 in Ranged Weapons
  2899 | D:4      | Reached XP level 8. HP: 21/61 MP: 4/8
  3429 | D:4      | Found a basalt altar of Yredelemnul.
  3437 | D:4      | Became a worshipper of Yredelemnul the Dark
  3473 | D:4      | Found a transporter.
  3490 | D:4      | Found a transporter.
  3491 | D:4      | Noticed pigah's ghost (amateur OpWn)
  3491 | D:4      | Noticed Natasha
  3494 | D:4      | Identified the +5 dire flail "Rableras" {drain, Str+4}
  3495 | D:4      | Killed Natasha
  3580 | D:4      | Noticed Natasha
  3584 | D:4      | Killed Natasha
  3731 | D:5      | Entered Level 5 of the Dungeon
  3751 | D:5      | Reached skill level 6 in Ranged Weapons
  3897 | D:5      | Reached * piety under Yredelemnul
  4229 | D:6      | Noticed Maggie
  4239 | D:6      | Killed Maggie
  4240 | D:6      | Reached skill level 7 in Ranged Weapons
  4240 | D:6      | HP: 1/61 [white imp/puff of frost (3)]
  4241 | D:6      | Killed from afar by a white imp

Illustrated notes

Levels and vault maps discovered:
D:1:      kb_arrival_jail, layout_basic
D:2:      layout_basic, basic_altar, minmay_misc_feat_pillars,
          minmay_close_crescents
D:3:      layout_loops_corners, overflow_temple_1_default, uniq_robin,
          uniq_sigmund
D:4:      layout_basic, lemuel_coloured_pillars_altar, gammafunk_ghost_smash,
          chequers_serial_rivers_large_a, uniq_menkaure, uniq_grinder,
          uniq_natasha
D:5:      layout_rooms, nicolae_underground_beach
D:6:      layout_rooms, mainiacjoe_overflow_concentric_impassable,
          gammafunk_temple_overflow_statue, minmay_temple_entry_offerings,
          uniq_maggie

Skill      XL: |  1  2  3  4  5  6  7  8 |
---------------+-------------------------+-----
Axes           | 4 |  4.1
Fighting       | 4 |  4.4
Armour         | 4 |  4.4
Shields        | 5 |  5.3
Ranged Weapons | 2 5 7 |  7.8
Unarmed Combat | |  0.5

Action                   |  1- 3 |  4- 6 |  7- 9 || total
-------------------------+-------+-------+-------++-------
Melee: War axe           |    95 |    73 |    80 ||   248
 Fire: Arbalest          |       |     8 |    49 ||    57
  Use: Scroll            |     4 |       |     4 ||     8
       Potion            |       |     1 |     4 ||     5
Armor: Scale mail        |    46 |    43 |    32 ||   121
       Skin              |       |       |     3 ||     3
Dodge: Dodged            |    44 |    28 |    42 ||   114
Block: Buckler           |    36 |    23 |    28 ||    87

Table legend: (Time is in decaauts)
 A = Elapsed time spent in this place.
 B = Non-inter-level travel time spent in this place.
 C = Inter-level travel time spent in this place.
 D = Time resting spent in this place.
 E = Time spent auto-exploring this place.
 F = Levels seen in this place.
 G = Mean time per level.
                   A        B        C        D        E       F      G
               +--------+--------+--------+--------+--------+-----+--------+
         Total |   4382 |   4294 |     88 |    491 |   2944 |   6 |  730.3 |
       Dungeon |   4382 |   4294 |     88 |    491 |   2944 |   6 |  730.3 |
               +--------+--------+--------+--------+--------+-----+--------+

Top non-repeatable levels by time:
     D:4: 1142 daAuts
     D:3: 1090 daAuts
     D:1: 981 daAuts
     D:2: 643 daAuts
     D:5: 511 daAuts
     D:6: 13 daAuts
